 Dungeon Sprint DCSS version 0.19-a0-406-ge21436e (webtiles) character file.

3500000 Groucho the Intangible (level 19, -4/132 HPs)
             Began as a Spriggan Assassin on May 31, 2016.
             Was a High Priest of Makhleb.
             Engulfed by a cloud of flame (10 damage)
             ... in the Dungeon (Sprint VIII: "Arena of Blood").
             The game lasted 00:01:36 (35 turns).

Groucho the Intangible (Spriggan Assassin)            Turns: 35, Time: 00:01:36

Health: -4/132     AC:  5    Str:  7    XL:     19   Next: 7%
Magic:  18/37      EV: 44    Int: 13    God:    Makhleb [*****.]
Gold:   0          SH:  0    Dex: 25    Spells: 0 memorised, 18 levels left

rFire  . . .     SeeInvis +     n - +∞ Axe of Woe
rCold  . . .     Gourm    .     c - +0 robe
rNeg   . . .     Faith    .     (shield currently unavailable)
rPois  .         Spirit   .     (helmet restricted)
rElec  .         Dismiss  .     d - +0 cloak
rCorr  .         Reflect  .     (gloves unavailable)
SustAt .         Harm     .     (boots unavailable)
MR     +++..     NoTele   +     (no amulet)
Stlth  ++++......               (no ring)
                                (no ring)

@: very quick, extremely resistant to hostile enchantments, stealthy
A: unfitting armour, see invisible, herbivore 3, speed 3, slow metabolism 2
a: Minor Destruction, Lesser Servant of Makhleb, Major Destruction, Greater
Servant of Makhleb, Renounce Religion


You were in the Dungeon.
You worshipped Makhleb.
Makhleb was extremely pleased with you.
You were not hungry.

You visited 1 branch

Inventory:

Hand Weapons
 a - a +2 dagger
 b - a +0 blowgun
 n - the +∞ Axe of Woe (weapon)
   (You found it in the Dungeon)
Missiles
 e - 8 poisoned needles
 f - 2 curare-tipped needles
Armour
 c - a +0 robe (worn)
 d - a +0 cloak (worn)
Scrolls
 m - a scroll of blinking
Potions
 h - a potion of curing
 i - a potion of heal wounds
 j - a potion of haste
 k - 2 potions of magic
 l - a potion of berserk rage
Comestibles
 g - a bread ration


   Skills:
 O Level 27 Fighting
 - Level 2.1 Short Blades
 O Level 27 Axes
 - Level 2.0 Throwing
 + Level 21.6 Armour
 O Level 27 Dodging
 - Level 5.8 Stealth
 + Level 26.6 Invocations


You had 18 spell levels left.
You didn't know any spells.

Dungeon Overview and Level Annotations

Branches:
Dungeon (1/1)

Altars:
Makhleb

Annotations:
D The Servant


Innate Abilities, Weirdness & Mutations

You are tiny and cannot use many weapons and most armour.
You have supernaturally acute eyesight. (SInv)
You are a herbivore.
You cover ground extremely quickly.
You need consume almost no food.


Message History

Unknown command.
Unknown command.
You lop one of the eight-headed meat hydra's heads off!
The seven-headed meat hydra grows two more!
You slice the nine-headed meat hydra!!
You dissect the nine-headed meat hydra like a pig carcass.
You kill the nine-headed meat hydra!
Makhleb accepts your kill.
You have reached level 19!
You are engulfed in roaring flames.
* * * LOW HITPOINT WARNING * * *
You hear a shout! x3
The destroyer blinks!
You hear a shout!
Unknown command.
Unknown command.
An orc, an ogre and Harold come into view.
The Servant is wielding a +9 glaive of flaming.
You are engulfed in roaring flames.
You die...

.. ..... #. ..%#
#.. ...# . .###.%
...###..
......###.%....
......_.....
#..§.C# #_D<§§#
#..§§@#
......_%§§@.O...
......###.V%.....
.###.. ...###...
#.. ...# o. #.
....# .. ....§
......


You could see The Servant (wandering), an eight-headed meat hydra, a destroyer,
a large bag of meat (inner flame), a meat berserker (berserk) and a bag of meat
(wandering).

Vanquished Creatures
  A vampire knight (D)
  3 ogres (D)
  A hydra (D)
  10 orcs (D)
  2 hill giants (D)
17 creatures vanquished.

Notes
Turn   | Place    | Note
--------------------------------------------------------------
     0 | D        | Groucho the Spriggan Assassin began the quest for the Orb.
     0 | D        | Reached XP level 1. HP: 10/10 MP: 2/2
     3 | D        | Noticed a bag of meat
     4 | D        | Became a worshipper of Makhleb the Destroyer
     5 | D        | Noticed a bag of meat
     9 | D        | Noticed a bag of meat
     9 | D        | Noticed a bag of meat
    10 | D        | Noticed a bag of meat
    10 | D        | Noticed a meat berserker
    10 | D        | Killed a bag of meat
    10 | D        | Reached XP level 2. HP: 14/14 MP: 3/3
    10 | D        | Reached XP level 3. HP: 18/18 MP: 4/4
    10 | D        | Reached XP level 4. HP: 22/22 MP: 5/5
    10 | D        | Reached XP level 5. HP: 25/25 MP: 6/6
    10 | D        | Reached XP level 6. HP: 30/30 MP: 7/7
    10 | D        | Reached XP level 7. HP: 33/33 MP: 8/8
    10 | D        | Reached XP level 8. HP: 37/37 MP: 9/9
    10 | D        | Reached XP level 9. HP: 41/41 MP: 10/10
    10 | D        | Reached XP level 10. HP: 46/46 MP: 11/11
    10 | D        | Reached XP level 11. HP: 49/49 MP: 12/12
    12 | D        | Noticed a bag of meat
    12 | D        | Killed a bag of meat
    12 | D        | Reached * piety under Makhleb
    12 | D        | Reached XP level 12. HP: 53/53 MP: 13/13
    13 | D        | Noticed a bag of meat
    14 | D        | Noticed a bag of meat
    14 | D        | Killed a meat berserker
    14 | D        | Reached skill level 27 in Dodging
    14 | D        | Reached XP level 13. HP: 57/57 MP: 14/14
    14 | D        | Reached XP level 14. HP: 61/61 MP: 15/15
    16 | D        | Killed a bag of meat
    16 | D        | Reached ** piety under Makhleb
    16 | D        | Reached skill level 27 in Axes
    16 | D        | Reached skill level 1 in Armour
    16 | D        | Killed a bag of meat
    16 | D        | Reached XP level 15. HP: 80/80 MP: 15/22
    17 | D        | Reached *** piety under Makhleb
    17 | D        | Reached skill level 10 in Invocations
    19 | D        | Reached skill level 15 in Fighting
    19 | D        | Reached skill level 10 in Armour
    19 | D        | Reached XP level 16. HP: 98/98 MP: 15/27
    20 | D        | Noticed a meat berserker
    21 | D        | Reached **** piety under Makhleb
    21 | D        | Reached skill level 15 in Invocations
    23 | D        | Killed a meat berserker
    23 | D        | Reached XP level 17. HP: 110/110 MP: 16/31
    24 | D        | Noticed a large bag of meat
    25 | D        | Noticed a large bag of meat
    25 | D        | Noticed a destroyer
    25 | D        | Noticed a meat berserker
    25 | D        | Killed a large bag of meat
    25 | D        | Reached skill level 15 in Armour
    26 | D        | Killed a meat berserker
    26 | D        | Reached ***** piety under Makhleb
    27 | D        | Noticed a large bag of meat
    30 | D        | Noticed an eight-headed meat hydra
    30 | D        | Noticed an eight-headed meat hydra
    30 | D        | Reached XP level 18. HP: 78/123 MP: 17/33
    32 | D        | Killed a destroyer
    32 | D        | Reached skill level 27 in Fighting
    33 | D        | Killed a large bag of meat
    33 | D        | HP: 5/127 [large bag of meat/exploding inner flame (38)]
    34 | D        | Noticed a destroyer
    34 | D        | Killed a nine-headed meat hydra
    34 | D        | Reached XP level 19. HP: 20/132 MP: 18/37
    35 | D        | Noticed a meat berserker
    35 | D        | Noticed The Servant
    35 | D        | Engulfed by a cloud of flame

Vault maps used:
D:        meatsprint

Skill      XL: |  1  2  3  4  5  6  7  8  9 10 11 12 13 14 15 16 17 18 |
---------------+-------------------------------------------------------+-----
Axes           | 22 23 25 27 | 27.0
Dodging        | 19 27 | 27.0
Fighting       | 9 16 21 25 27 | 27.0
Armour         | 6 11 14 17 21 | 21.6
Invocations    | 8 14 18 21 26 | 26.6
Short Blades   | |  2.1
Throwing       | |  2.0
Stealth        | |  5.8

Action                   |  1- 3 |  4- 6 |  7- 9 | 10-12 | 13-15 | 16-18 | 19-21 || total
-------------------------+-------+-------+-------+-------+-------+-------+-------++-------
Melee: Broad axe         |     1 |       |       |     2 |     3 |     9 |       ||    15
Dodge: Dodged            |       |       |       |       |       |     2 |       ||     2
